 Dungeon Crawl Stone Soup version 0.21-a0-460-g737a915 (webtiles) character file.

542 nikopol the Magician (level 7, 0/36 HPs)
             Began as a Deep Elf Fire Elementalist on Nov 21, 2017.
             Was a Follower of Sif Muna.
             Killed from afar by nikopol's ghost (8 damage)
             ... with a flame tongue
             ... on level 5 of the Dungeon.
             The game lasted 00:13:16 (4896 turns).

nikopol the Magician (Deep Elf Fire Elementalist)   Turns: 4896, Time: 00:13:18

Health: 0/36       AC:  2    Str:  5    XL:     7   Next: 6%
Magic:  8/18       EV: 13    Int: 22    God:    Sif Muna [*.....]
Gold:   258        SH:  0    Dex: 15    Spells: 3/18 levels left

rFire    . . .     SeeInvis .   w - +1 rapier of Cheese {pierce, rC+} (curse)
rCold    + + .     Gourm    .   (no shield)
rNeg     . . .     Faith    .   a - +0 robe
rPois    .         Spirit   .   (no helmet)
rElec    .         Reflect  .   (no cloak)
rCorr    .         Harm     .   (no gloves)
MR       .....                  (no boots)
Stlth    ++........             (no amulet)
HPRegen  0.12/turn              r - ring of protection from cold
MPRegen  0.16/turn              (no ring)

@: no status effects
A: no striking features
a: Divine Energy, Renounce Religion


You were on level 5 of the Dungeon.
You worshipped Sif Muna.
Sif Muna was aware of your devotion.
You were not hungry.

You visited 2 branches of the dungeon, and saw 6 of its levels.

You collected 258 gold pieces.

Inventory:

Hand Weapons
 l - a +0 dagger
 t - a +0 dagger
 w - the cursed +1 rapier of Cheese (weapon) {pierce, rC+}
   (You found it on level 4 of the Dungeon)

   It inflicts extra damage upon your enemies.
   It protects you from cold.
   It has a curse placed upon it.
Armour
 a - a +0 robe (worn)
Jewellery
 r - a ring of protection from cold (left hand)
 D - a cursed ring of teleportation {unknown}
Scrolls
 f - 12 scrolls of identify {unknown}
 g - a scroll of amnesia {unknown}
 i - 3 scrolls of teleportation {unknown}
 j - 5 scrolls of remove curse {unknown}
 k - 2 scrolls of magic mapping {unknown}
 o - 2 scrolls of immolation {unknown}
 q - a scroll of enchant weapon {unknown}
 x - a scroll of blinking {unknown}
 y - a scroll of fear {unknown}
Potions
 d - 6 potions of curing {unknown}
 e - a potion of lignification {unknown}
 h - a potion of invisibility {unknown}
 n - a potion of haste {unknown}
 p - a potion of brilliance {unknown}
 v - a potion of cancellation {unknown}
 z - a potion of mutation {unknown}
Books
 b - a book of Flames

   Spells                             Type                      Level
   a - Flame Tongue                   Conjuration/Fire             1
   b - Throw Flame                    Conjuration/Fire             2
   c - Conjure Flame                  Conjuration/Fire             3
   d - Inner Flame                    Hexes/Fire                   3
   e - Sticky Flame                   Conjuration/Fire             4
   f - Fireball                       Conjuration/Fire             5
 A - a book of Frost

   Spells                             Type                      Level
   a - Freeze                         Ice                          1
   b - Throw Frost                    Conjuration/Ice              2
   c - Ozocubu's Armour               Charms/Ice                   3
   d - Throw Icicle                   Conjuration/Ice              4
   e - Summon Ice Beast               Ice/Summoning                4
 B - a book of Air

   Spells                             Type                      Level
   a - Shock                          Conjuration/Air              1
   b - Swiftness                      Charms/Air                   2
   c - Static Discharge               Conjuration/Air              3
   d - Airstrike                      Air                          4
   e - Lightning Bolt                 Conjuration/Air              5
Comestibles
 c - 2 bread rations
 m - 9 fruits
 s - 2 royal jellies
 u - 4 meat rations
 C - 6 chunks of flesh


   Skills:
 + Level 0.2 Fighting
 + Level 2.9 Dodging
 + Level 3.4 Stealth
 + Level 6.2 Spellcasting
 + Level 4.1 Conjurations
 + Level 5.6 Fire Magic


You had 3 spell levels left.
You knew the following spells:

 Your Spells              Type           Power        Failure   Level  Hunger
a - Flame Tongue          Conj/Fire      ####.        1%          1    None
b - Throw Flame           Conj/Fire      ####..       1%          2    None
c - Conjure Flame         Conj/Fire      ####....     3%          3    #......
d - Fireball              Conj/Fire      ####......   32%         5    #####..
e - Throw Icicle          Conj/Ice       ###.....     36%         4    ###....


Dungeon Overview and Level Annotations

Branches:
Dungeon (5/15)             Temple (1/1) D:4

Altars:
Ashenzari
Cheibriados
Dithmenos
Elyvilon
Fedhas
Gozag
Hepliaklqana
Kikubaaqudgha
Makhleb
Nemelex Xobeh
Okawaru
Qazlal
Ru
Sif Muna
Trog
Uskayaw
Vehumet
Wu Jian
Xom
Yredelemnul
Zin
The Shining One

Annotations:
D:5 nikopol's ghost, novice DEFE


Message History

Nikopol's ghost gestures at you while chanting.
The puff of flame hits you!
* * * LOW HITPOINT WARNING * * *
Casting: Flame Tongue
Confirm with . or Enter, or press ? or * to list all spells.
Aiming: Flame Tongue
Press: ? - help, Shift-Dir - straight line, f/p - nikopol's ghost
Aim: nikopol's ghost (severely damaged)
The flame tongue hits nikopol's ghost.
Nikopol's ghost is almost destroyed.
Casting: Flame Tongue
Confirm with . or Enter, or press ? or * to list all spells.
Aiming: Flame Tongue
Press: ? - help, Shift-Dir - straight line, f/p - nikopol's ghost
Aim: nikopol's ghost (almost destroyed)
The flame tongue hits nikopol's ghost.
Nikopol's ghost appears unharmed.
Nikopol's ghost is almost destroyed.
Nikopol's ghost points at you and mumbles some strange words.
The flame tongue hits you!
You die...

..... #.. #.. ## .#
####.# .. .# #....#
#. ###.### #.#### #W
#.....# #.#
#.##ยง####.....# #.#
#....@........# #.#
#..#.###......# #.#
... ... #......#
#.#### # #....
#.###### #....#
##.## #.# #....#
#.##.##.# ##...#
#....)..## ##.##
#.##.....#########.#
#.###...........#


You could see nikopol's ghost.

Vanquished Creatures
  An ice beast (D:5)
  A big kobold (D:4)
  A howler monkey (D:4)
  2 orc wizards (D:5)
  Terence (D:3)
  A worker ant (D:3)
  9 adders
  2 oozes
  An adder zombie (D:3)
  6 worms
  3 dart slugs (D:1)
  3 leopard geckos (D:4)
  9 orcs
  8 giant cockroaches
  8 hobgoblins
  4 jackals (D:4)
  A quokka (D:2)
  2 ball pythons
  8 bats
  10 frilled lizards
  9 goblins
  24 kobolds
  5 rats
119 creatures vanquished.

Notes
Turn   | Place    | Note
-------+----------+-------------------------------------------
     0 | D:1      | nikopol the Deep Elf Fire Elementalist began the quest for the Orb.
     0 | D:1      | Reached XP level 1. HP: 10/10 MP: 6/6
    91 | D:1      | Reached XP level 2. HP: 15/15 MP: 6/8
   859 | D:2      | Reached XP level 3. HP: 18/19 MP: 2/10
   968 | D:2      | Learned a level 2 spell: Throw Flame
   972 | D:2      | Learned a level 3 spell: Conjure Flame
  1071 | D:2      | Reached skill level 4 in Spellcasting
  1203 | D:2      | Reached XP level 4. HP: 20/24 MP: 4/12
  2148 | D:3      | Noticed Terence
  2160 | D:3      | Killed Terence
  2160 | D:3      | Reached XP level 5. HP: 28/28 MP: 2/13
  2167 | D:3      | Learned a level 5 spell: Fireball
  2728 | D:3      | Found a faded altar of an unknown god.
  2916 | D:4      | Got a faintly glowing rapier
  2924 | D:4      | Identified the cursed +1 rapier of Cheese {pierce, rC+} (You found it on level 4 of the Dungeon)
  3283 | D:4      | Found a staircase to the Ecumenical Temple.
  3289 | Temple   | Entered the Ecumenical Temple
  3460 | Temple   | Became a worshipper of Sif Muna the Loreminder
  3520 | D:4      | Reached skill level 5 in Spellcasting
  3576 | D:4      | Reached skill level 5 in Fire Magic
  3701 | D:4      | Reached XP level 6. HP: 26/32 MP: 8/16
  4363 | D:5      | Entered Level 5 of the Dungeon
  4452 | D:5      | Learned a level 4 spell: Throw Icicle
  4473 | D:5      | Found a stormy altar of Qazlal.
  4530 | D:5      | Noticed an ice beast
  4540 | D:5      | Killed an ice beast
  4540 | D:5      | Reached * piety under Sif Muna
  4540 | D:5      | Reached skill level 6 in Spellcasting
  4725 | D:5      | Reached XP level 7. HP: 23/36 MP: 8/18
  4888 | D:5      | Noticed nikopol's ghost (novice DEFE)
  4896 | D:5      | Killed from afar by nikopol's ghost

Vault maps used:
D:1:      dpeg_arrival_short_road
D:3:      chequers_ecumenical_altar_twisty, minmay_misc_feat_nine_boxes,
          uniq_terence
D:4:      kennysheep_kobold_camp, minmay_temple_entry_enclosed_plants,
          first_bread
D:5:      cheibrodos_quashed, nicolae_qazlal_eye_of_the_storm
Temple:   roderic_octagonal_lattice_temple

Skill      XL: |  1  2  3  4  5  6 |
---------------+-------------------+-----
Fire Magic     | 4 5 |  5.6
Spellcasting   | 4 5 6 |  6.2
Conjurations   | 2 3 4 |  4.1
Stealth        | 3 |  3.4
Fighting       | |  0.2
Dodging        | |  2.9

Action                   |  1- 3 |  4- 6 |  7- 9 || total
-------------------------+-------+-------+-------++-------
Melee: Dagger            |     1 |       |       ||     1
 Cast: Flame Tongue      |    73 |   155 |    15 ||   243
       Throw Flame       |       |    10 |       ||    10
       Conjure Flame     |       |     4 |     1 ||     5
  Eat: Chunk             |     1 |    10 |     1 ||    12
Armor: Robe              |     4 |     1 |       ||     5
Dodge: Dodged            |    19 |    24 |       ||    43

Table legend:
 A = Spawn XP
 B = Non-spawn XP
 C = Spawn XP percentage of total XP
 D = Spawn monster count
 E = Non-spawn monster count
 F = Spawn count percentage of total count
 G = Total turns spent on level
                    A         B        C        D         E        F      G
               +---------+---------+-------+---------+---------+-------+---------
         Total |       0 |     775 |   0.0 |       0 |     119 |   0.0 |  4896
               +---------+---------+-------+---------+---------+-------+---------
           D:1 |       0 |      50 |   0.0 |       0 |      21 |   0.0 |   918
           D:2 |       0 |      53 |   0.0 |       0 |      20 |   0.0 |   447
           D:3 |       0 |     147 |   0.0 |       0 |      27 |   0.0 |  1530
           D:4 |       0 |     248 |   0.0 |       0 |      39 |   0.0 |  1280
           D:5 |       0 |     277 |   0.0 |       0 |      12 |   0.0 |   533
               +---------+---------+-------+---------+---------+-------+---------
